 Dungeon Crawl Stone Soup version 0.31.0-12-g77e489cdc1 (webtiles) character file.

Game seed: 8102800583058088990

51 lordive the Ruffian (level 3, 0/26 HPs)
             Began as a Demonspawn Shapeshifter on Feb 29, 2024.
             Slain by a goblin
             ... wielding a +0 club
             ... led by Robin
              (2 damage)
             ... on level 3 of the Dungeon.
             The game lasted 00:01:59 (1756 turns).

lordive the Ruffian (Demonspawn Shapeshifter)       Turns: 1756, Time: 00:02:00

Health: 0/26       AC:  2    Str: 14    XL:     3   Next: 58%
Magic:  3/3        EV: 12    Int: 12    God:
Gold:   52         SH:  0    Dex: 12    Spells: 2/2 levels left

rFire   . .          .
                       - Unarmed
rCold   . . .        (no shield)
rNeg    . . .        a - +0 animal skin
rPois   .            (helmet currently unavailable)
rElec   .            (cloak currently unavailable)
rCorr   .            (gloves currently unavailable)
SInv    .            (boots currently unavailable)
Will    .....        (no amulet)
Stlth   +            (no ring)
HPRegen 0.24/turn    (no ring)
MPRegen 0.08/turn

%: no passive effects
@: beast-form
A: beast (slay +1), foul stench 1, demonic magic 1
a: Begin Untransformation


You were on level 3 of the Dungeon.
You were a hulking beast.
You visited 1 branch of the dungeon, and saw 3 of its levels.

You collected 52 gold pieces.

Inventory:

Armour
 a - a +0 animal skin (worn)
Talismans
 c - a beast talisman
 d - a flux talisman
Scrolls
 f - a scroll of amnesia {unknown}
 g - a scroll of teleportation {unknown}
 j - a scroll of summoning {unknown}
 k - a scroll of poison {unknown}
Potions
 b - 2 potions of lignification
 e - 2 potions of brilliance {unknown}
 h - 2 potions of invisibility {unknown}
 i - a potion of degeneration {unknown}


   Skills:
 + Level 1.3 Fighting
 + Level 1.9 Dodging
 + Level 3.4 Unarmed Combat
 * Level 3.3 Shapeshifting


You had 2 spell levels left.
You didn't know any spells.
Your spell library contained the following spells:

 Spells                   Type           Power      Damage    Failure   Level
 Foxfire                  Conj/Fire      0%         2x1d4     32%         1
 Lesser Beckoning         Tloc           0%         N/A       45%         2
 Gell's Gravitas          Tloc           0%         N/A       69%         3
 Teleport Other           Tloc           0%         N/A       69%         3
 Plasma Beam              Fire/Air       0%         2x1d10    100%        6
 Starburst                Conj/Fire      0%         6d3       100%        6


Dungeon Overview and Level Annotations

Branches:
Dungeon (3/15)

Altars:

Annotations:
D:3 Robin


Innate Abilities, Weirdness & Mutations

You are a hulking beast.
Your limbs bulge with bestial killing power. (Slay +1)
You may rarely emit foul miasma when damaged in melee.
Spells you cast may paralyse adjacent enemies.


Message History

You kill the goblin!
The goblin unwields a +0 dagger.
The goblin wields a +0 sling.
The goblin shoots a sling bullet.
The sling bullet barely misses you. Robin throws the goblin at you!
You barely miss the goblin. The goblin closely misses you.
The goblin hits you with a +0 dagger.
You hit the goblin.
You kill the goblin!
The goblin closely misses you.
The goblin shoots a sling bullet.
The sling bullet barely misses you.
The sling bullet closely misses the goblin.
The goblin attacks as it pursues you! The goblin barely misses you.
The goblin closely misses you.
The goblin unwields a +0 sling.
The goblin wields a +0 dagger.
The goblin completely misses you.
Items here: ))) †.
You miss the goblin.
The goblin splashes around in the water.
The goblin closely misses you. The goblin hits you with a +0 dagger.
You punch the goblin!
You kill the goblin!
The goblin splashes around in the water.
The goblin closely misses you.
You closely miss the goblin. The goblin completely misses you.
The goblin hits you but does no damage. The goblin closely misses you.
You barely miss the goblin. The goblin closely misses you. x2
The goblin barely misses you.
You closely miss the goblin.
The goblin splashes around in the water.
The goblin hits you but does no damage. The goblin hits you with a +0 dagger.
You hit the goblin.
The goblin is severely wounded.
The goblin hits you with a +0 club.
* * * LOW HITPOINT WARNING * * *
The goblin barely misses you. The goblin hits you but does no damage.
You hit the goblin.
You kill the goblin!
Robin throws the goblin at you! The goblin hits you with a +0 dagger.
* * * LOW HITPOINT WARNING * * *
The goblin hits you with a +0 club.
You die...

#############+++
#......[........
##~~≈~≈~~~~~~~...
≈≈≈~≈≈≈≈~≈≈≈≈~...
≈~~~~≈≈~≈≈gg~~...
........ghg......
#.#####.###g....#
# #......# ###.#
#.##.##.#.#
#.......#...
####.#### #.# #.#
.# ####.# .
##....## #


You could see Robin and 4 goblins.

Vanquished Creatures
  A gnoll (D:3)
  A dart slug (D:1)
  2 ball pythons
  A bat (D:1)
  6 endoplasms
  A giant cockroach (D:1)
  5 goblins (D:3)
  6 hobgoblins
  2 jackals (D:3)
  A quokka (D:1)
  4 frilled lizards
  3 kobolds (D:1)
  3 rats
36 creatures vanquished.

Notes
Turn   | Place    | Note
-------+----------+-------------------------------------------
     0 | D:1      | lordive the Demonspawn Shapeshifter began the quest for the
                  | Orb.
     0 | D:1      | Reached XP level 1. HP: 15/15 MP: 1/1
   172 | D:1      | Gained mutation: You may rarely emit foul miasma when
                  | damaged in melee. [demonic ancestry]
   172 | D:1      | Reached XP level 2. HP: 21/21 MP: 2/2
   893 | D:2      | Gained mutation: Spells you cast may paralyse adjacent
                  | enemies. [demonic ancestry]
   893 | D:2      | Reached XP level 3. HP: 24/26 MP: 3/3
  1726 | D:3      | Noticed Robin
  1756 | D:3      | Slain by a goblin

Illustrated notes

Levels and vault maps discovered:
D:1:      minmay_arrival_up_and_down, layout_loops_cross, st_stairs_6,
          serial_bayou_pond_d, dreamdust_princess_bridge, grunt_decor_arrowhead
D:2:      layout_loops_corners, minmay_misc_feat_secret_circle,
          kennysheep_generic_room_15
D:3:      lemuel_castle_with_subvaults [lemuel_castle_interior_carwin_3],
          layout_loops_cross, nzn_hepliaklqana_mist_gate,
          basic_ecumenical_altar, uniq_sigmund, uniq_robin

Skill      XL: |  1  2 |
---------------+-------+-----
Shapeshifting  | 3 |  3.3
Unarmed Combat | 3 |  3.4
Fighting       | |  1.3
Dodging        | |  1.9

Action                     || total
---------------------------++-------
  Melee: Unarmed           ||    91
         Punch             ||     1
   Stab: Sleeping          ||     2
 Armour: Animal skin       ||    37
  Dodge: Dodged            ||    60
